 Dungeon Crawl Stone Soup version 0.19-a0-1714-gcab94ab (webtiles) character file.

7635 hairmachine the Grappler (level 11, -5/101 HPs)
             Began as a Ghoul Monk on Sept 28, 2016.
             Was an Elder of Makhleb.
             Slain by a death yak (18 damage)
             ... on level 9 of the Dungeon.
             The game lasted 00:40:45 (10777 turns).

hairmachine the Grappler (Ghoul Monk)              Turns: 10777, Time: 00:40:46

Health: -5/101     AC: 11    Str: 18    XL:     11   Next: 18%
Magic:  10/10      EV: 12    Int:  7    God:    Makhleb [****..]
Gold:   484        SH:  0    Dex: 14    Spells: 0 memorised, 10 levels left

rFire  . . .     SeeInvis .       - Unarmed
rCold  + + .     Gourm    .     D - +0 ring mail "Ynecey" {Regen+ Int+2} (curse)
rNeg   + + +     Faith    .     x - +0 buckler
rPois  ∞         Spirit   .     h - +2 helmet
rElec  .         Dismiss  .     i - +0 cloak
rCorr  .         Reflect  .     (no gloves)
MR     .....     Harm     .     (no boots)
Stlth  +.........               (no amulet)
                                (no ring)
                                H - ring "Uqaopn" {rPois rC+ Str+2 Stlth+}

@: confused, rotting
A: rotting body, claws 1, carnivore 3, cold resistance 1, negative energy
resistance 3, slow regeneration 1, torment resistance, unbreathing
a: Minor Destruction, Lesser Servant of Makhleb, Major Destruction, Renounce
Religion


You were on level 9 of the Dungeon.
You worshipped Makhleb.
Makhleb was greatly pleased with you.
You were not hungry.

You visited 3 branches of the dungeon, and saw 11 of its levels.

You collected 484 gold pieces.

Inventory:

Missiles
 e - 343 stones (quivered)
Armour
 h - a +2 helmet (worn)
 i - a +0 cloak (worn)
 x - a +0 buckler (worn)
 D - the cursed +0 ring mail "Ynecey" (worn) {Regen+ Int+2}
   (You found it on level 7 of the Dungeon)

   It affects your intelligence (+2).
   It increases your rate of regeneration.
   It has a curse placed upon it.
Jewellery
 H - the ring "Uqaopn" (left claw) {rPois rC+ Str+2 Stlth+}
   (You found it on level 5 of the Dungeon)

   [ring of protection from cold]

   It affects your strength (+2).
   It protects you from cold.
   It protects you from poison.
   It makes you more stealthy.
Wands
 v - a wand of flame (40/48)
Scrolls
 c - 4 scrolls of amnesia
 d - 3 scrolls of enchant armour
 g - 8 scrolls of remove curse
 k - a scroll of fog
 m - a scroll of magic mapping
 n - a scroll of summoning {unknown}
 q - a scroll of teleportation
 A - a scroll of noise {unknown}
 B - 3 scrolls of recharging
 F - a scroll of vulnerability {unknown}
Potions
 j - 8 potions of curing
 r - 2 potions of brilliance
 s - a potion of magic {unknown}
 w - 3 potions of lignification
 z - a potion of cure mutation {unknown}
 C - a potion of ambrosia
 E - a potion of mutation {unknown}
 G - a potion of might {unknown}
 K - a potion of haste {unknown}
Books
 f - a Young Poisoner's Handbook

   Spells                             Type                      Level
   a - Sting                          Conjuration/Poison           1
   b - Mephitic Cloud                 Conjuration/Poison/Air       3
   c - Olgreb's Toxic Radiance        Poison                       4
   d - Alistair's Intoxication        Transmutation/Poison         5
   e - Venom Bolt                     Conjuration/Poison           5
 p - a book of Flames

   Spells                             Type                      Level
   a - Flame Tongue                   Conjuration/Fire             1
   b - Throw Flame                    Conjuration/Fire             2
   c - Conjure Flame                  Conjuration/Fire             3
   d - Inner Flame                    Hexes/Fire                   3
   e - Sticky Flame                   Conjuration/Fire             4
   f - Fireball                       Conjuration/Fire             5
 u - a book of the Sky

   Spells                             Type                      Level
   a - Summon Lightning Spire         Summoning/Air                4
   b - Airstrike                      Air                          4
   c - Silence                        Hexes/Air                    5
   d - Deflect Missiles               Charms/Air                   6
   e - Conjure Ball Lightning         Conjuration/Air              6
   f - Tornado                        Air                          9
Comestibles
 b - 3 meat rations
 l - 2 slices of pizza
 o - 2 chunks of flesh
 t - 2 beef jerkies


   Skills:
 - Level 10.8 Fighting
 - Level 5.8 Armour
 - Level 2.6 Dodging
 - Level 2.1 Stealth
 - Level 4.2 Shields
 + Level 12.6 Unarmed Combat
 + Level 0.0 Invocations


You had 10 spell levels left.
You didn't know any spells.

Dungeon Overview and Level Annotations

Branches:
Dungeon (9/15)             Temple (1/1) D:4            Lair (1/6) D:9
    Orc: D:9-12

Altars:
Elyvilon
Gozag
Hepliaklqana
Kikubaaqudgha
Makhleb
Okawaru
Qazlal
Sif Muna
Vehumet
Xom
Yredelemnul
The Shining One

Shops:
D:9 (


Innate Abilities, Weirdness & Mutations

Your body is rotting away.
You thrive on raw meat.
You are immune to poison.
You have sharp fingernails.
You are carnivorous and can eat meat at any time.
Your flesh is cold resistant. (rC+)
You are immune to negative energy. (rN+++)
You regenerate slowly when monsters are visible.
You are immune to unholy pain and torment.
You can survive without breathing.


Message History

You claw the death yak!
The death yak is almost dead.
The death yak gores you!!
* * * LOW HITPOINT WARNING * * *
You feel much better. The death yak gores you!
Okay, then.
You barely miss the death yak.
The death yak is almost dead.
You block the death yak's attack.
You barely miss the death yak.
The death yak is almost dead.
The death yak gores you!!
* * * LOW HITPOINT WARNING * * *
You are confused.
You feel invigorated. The death yak gores you!!
* * * LOW HITPOINT WARNING * * *
You scratch the death yak.
The death yak is almost dead.
You bump into the rock wall.
The death yak gores you!!
You die...

#.......# # #.......##### ##
##.........÷. .# ##.......#####
.###### ########........# ##
......# ###...............# #.
#####.#####...########.....## #.
.............>.########...######.
########.#####.Y@.)..............
#..# ##################.# ##.###
##.# #...# #..# ## ###.### #.##
.# #######...##### #.#
.####....###......# #.##
.##...##.###...(..############.#.
.#..####..##......##.............


You could see a death yak.

Vanquished Creatures
  Erica (Lair:1)
  A black mamba (Lair:1)
  A troll (D:9)
  The ghost of Theye the Slasher, an amateur NaFi (D:4)
  Grinder (D:6)
  Prince Ribbit (D:7)
  A hippogriff (D:9)
  2 wyverns
  A shadow (D:9)
  9 yaks
  2 hungry ghosts
  Menkaure (D:3)
  A sky beast (D:9)
  A black bear (D:9)
  5 ogres
  2 phantoms (D:5)
  A necrophage (D:8)
  2 centaurs
  A crocodile (D:8)
  2 big kobolds
  7 bullfrogs
  A scorpion (D:7)
  5 killer bees (D:7)
  An electric eel (Lair:1)
  7 howler monkeys
  2 crimson imps
  2 bullfrog zombies
  5 orc priests
  A bullfrog skeleton (D:9)
  8 hounds
  7 orc wizards
  Crazy Yiuf (D:7)
  4 iguanas
  4 worker ants
  A hound zombie (D:5)
  A worker ant zombie (D:9)
  A gnoll (D:3)
  12 adders
  4 river rats (Lair:1)
  A shadow imp (D:8)
  3 oozes
  An adder zombie (D:7)
  A worm (D:3)
  A dart slug (D:1)
  2 leopard geckos (D:5)
  31 orcs
  6 bats
  4 giant cockroaches
  8 goblins
  7 hobgoblins
  16 jackals
  6 quokkas
  4 ball pythons
  A frilled lizard (D:3)
  A jackal skeleton (D:4)
  11 kobolds
  A leopard gecko skeleton (D:5)
  A leopard gecko zombie (D:5)
  2 quokka skeletons (D:4)
  A quokka zombie (D:6)
  8 rats
  A fungus (D:7)
229 creatures vanquished.

Vanquished Creatures (others)
  A river rat (Lair:1)
1 creature vanquished.

Grand Total: 230 creatures vanquished

Notes
Turn   | Place    | Note
-------+----------+-------------------------------------------
     0 | D:1      | hairmachine the Ghoul Monk began the quest for the Orb.
     0 | D:1      | Reached XP level 1. HP: 19/19 MP: 0/0
   361 | D:1      | Reached XP level 2. HP: 26/26 MP: 1/1
   434 | D:1      | Reached skill level 4 in Unarmed Combat
   964 | D:1      | Reached XP level 3. HP: 31/31 MP: 2/2
  1542 | D:2      | Reached skill level 5 in Unarmed Combat
  2135 | D:3      | Reached XP level 4. HP: 37/37 MP: 3/3
  2653 | D:3      | Reached skill level 1 in Shields
  2877 | D:3      | Reached XP level 5. HP: 45/45 MP: 4/4
  3266 | D:2      | Reached skill level 6 in Unarmed Combat
  3618 | D:3      | Reached XP level 6. HP: 44/51 MP: 5/5
  3639 | D:4      | Noticed Menkaure
  3670 | D:3      | Killed Menkaure
  3938 | D:4      | Reached skill level 7 in Unarmed Combat
  3938 | D:4      | Reached XP level 7. HP: 57/57 MP: 6/6
  4289 | D:4      | Found a staircase to the Ecumenical Temple.
  4299 | Temple   | Entered the Ecumenical Temple
  4368 | Temple   | Became a worshipper of Makhleb the Destroyer
  4368 | Temple   | Reached * piety under Makhleb
  4368 | Temple   | Reached ** piety under Makhleb
  4524 | D:4      | Found a stormy altar of Qazlal.
  4544 | D:4      | Found an iron altar of Okawaru.
  4604 | D:4      | Noticed Theye's ghost (amateur NaFi)
  4632 | D:4      | Killed Theye's ghost
  4632 | D:4      | Reached skill level 8 in Unarmed Combat
  4632 | D:4      | Reached XP level 8. HP: 46/67 MP: 7/7
  5040 | D:5      | Entered Level 5 of the Dungeon
  5193 | D:5      | Reached skill level 5 in Fighting
  5410 | D:5      | Got a crude turquoise ring
  5449 | D:5      | Identified the ring "Uqaopn" {rPois rC+ Str+2 Stlth+} (You found it on level 5 of the Dungeon)
  5821 | D:5      | Reached skill level 9 in Unarmed Combat
  6217 | D:6      | Noticed Grinder
  6221 | D:6      | Killed Grinder
  6321 | D:6      | Reached XP level 9. HP: 76/77 MP: 8/8
  7048 | D:7      | Noticed Prince Ribbit
  7086 | D:7      | Reached skill level 10 in Unarmed Combat
  7112 | D:7      | Killed Prince Ribbit
  7290 | D:7      | Reached *** piety under Makhleb
  7345 | D:7      | Got a polished ring mail
  7356 | D:7      | Identified the cursed +0 ring mail "Ynecey" {Regen+ Int+2} (You found it on level 7 of the Dungeon)
  7477 | D:7      | Found an opulent altar of Gozag.
  7908 | D:7      | Found a runed door.
  7912 | D:7      | Noticed Crazy Yiuf
  7918 | D:7      | Killed Crazy Yiuf
  8197 | D:8      | Reached skill level 1 in Armour
  8321 | D:8      | Reached skill level 11 in Unarmed Combat
  8340 | D:8      | Reached XP level 10. HP: 91/91 MP: 9/9
  9417 | D:9      | Reached **** piety under Makhleb
  9649 | D:9      | Found Quw Leaf's Weapon Emporium.
  9675 | D:9      | Found a staircase to the Lair.
  9692 | D:9      | Reached skill level 10 in Fighting
  9724 | D:9      | Reached skill level 12 in Unarmed Combat
 10131 | D:9      | Reached skill level 5 in Armour
 10349 | D:9      | Reached XP level 11. HP: 101/101 MP: 10/10
 10404 | Lair:1   | Entered Level 1 of the Lair of Beasts
 10457 | Lair:1   | Noticed Erica
 10479 | Lair:1   | Killed Erica
 10577 | Lair:1   | Noticed a death yak
 10577 | Lair:1   | Noticed a death yak
 10577 | Lair:1   | Noticed a death yak
 10607 | Lair:1   | Reached ***** piety under Makhleb
 10777 | D:9      | Slain by a death yak

Vault maps used:
D:1:      dpeg_arrival_rooms_with_view, serial_forest,
          infiniplex_forest_straight_2, infiniplex_forest_straight_3,
          infiniplex_forest_lined_2, infiniplex_forest_clump_diagonal,
          infiniplex_forest_straight_2, infiniplex_forest_lined_room_2,
          infiniplex_forest_clump_double, minmay_heptomino_w4
D:3:      first_bread, fountainhead, minmay_misc_feat_doors, dk_noncrumbling_2,
          cheibrodos_gnoll_hut
D:4:      kennysheep_mini_moat, lemuel_coloured_pillars_altar, uniq_menkaure
D:5:      minmay_misc_feat_x, saegor_snake_ambush
D:6:      uniq_grinder
D:7:      grunt_gozag_breadcrumbs, uniq_prince_ribbit1, uniq_crazy_yiuf_cottage
D:8:      blue_anna_alchemist
D:9:      lair_0_dummy, serial_shops, shop_fountains, grunt_ministairs_9
Temple:   dpeg_five_rooms_temple
Lair:1:   infiniplex_staircase_pool, uniq_erica

Skill      XL: |  1  2  3  4  5  6  7  8  9 10 |
---------------+-------------------------------+-----
Unarmed Combat | 4 5 6 7 8 9 11 12 | 12.6
Shields        | 1 2 3 4 |  4.2
Fighting       | 4 6 9 10 | 10.8
Armour         | 2 5 |  5.8
Dodging        | |  2.6
Stealth        | |  2.1

Action                   |  1- 3 |  4- 6 |  7- 9 | 10-12 || total
-------------------------+-------+-------+-------+-------++-------
Melee: Unarmed           |   112 |   143 |   358 |   309 ||   922
       Punch             |     1 |       |       |       ||     1
Throw: Stone             |    24 |     9 |    38 |    29 ||   100
  Use: Scroll            |     2 |     6 |    11 |     3 ||    22
       Potion            |       |     2 |     2 |     4 ||     8
 Stab: Sleeping          |     1 |     2 |     1 |     1 ||     5
  Eat: Chunk             |    13 |    19 |    28 |    32 ||    92
Armor: Robe              |    38 |    27 |       |       ||    65
       Scale mail        |       |    34 |    77 |       ||   111
       Ring mail         |       |     2 |    14 |    61 ||    77
Dodge: Dodged            |    69 |    69 |   112 |    93 ||   343
Block: Buckler           |       |    16 |    48 |    47 ||   111
